 Dungeon Crawl Stone Soup version 0.17-a0-1572-g7a1422d (webtiles) character file.

1212 urechis the Basher (level 8, 0/88 HPs)
             Began as an Ogre Gladiator on July 25, 2015.
             Succumbed to a water moccasin's poison
             ... on level 4 of the Dungeon.
             The game lasted 00:07:32 (4360 turns).

urechis the Basher (Ogre Gladiator)                 Turns: 4360, Time: 00:07:33

Health: 0/88       AC:  6    Str: 23    XL:     8   Next: 46%
Magic:  8/8        EV: 10    Int: 12    God:
Gold:   177        SH:  0    Dex: 10    Spells: 0 memorised, 7 levels left

rFire  . . .     SeeInvis .     a - +0 flail
rCold  . . .     Clarity  .     b - +0 robe
rNeg   . . .     SustAt   .     (no shield)
rPois  .         Gourm    .     c - +0 hat
rElec  .         Spirit   .     x - +2 cloak
rCorr  .         Warding  .     (gloves unavailable)
rMut   .         Stasis   .     (boots unavailable)
MR     .....                    (no amulet)
Stlth  +.........               (no ring)
                                (no ring)

@: brilliant, lethally poisoned (0 -> -11), not resistant to hostile
enchantments, very unstealthy
A: unfitting armour, tough skin 1
a: no special abilities


You were on level 4 of the Dungeon.
You were not hungry.

You visited 1 branch of the dungeon, and saw 5 of its levels.

You collected 177 gold pieces.

Inventory:

Hand weapons
 a - a +0 flail (weapon)
Missiles
 d - 3 throwing nets (quivered)
 s - 6 tomahawks
 v - 12 poisoned needles
Armour
 b - a +0 robe (worn)
 c - a +0 hat (worn)
 x - a +2 cloak (worn)
Magical devices
 u - a wand of lightning (0)
 w - a wand of confusion (3)
 y - a wand of lightning (4)
Scrolls
 g - 3 scrolls of blinking {unknown}
 i - a scroll of immolation {unknown}
 j - 3 scrolls of enchant weapon {unknown}
 l - a scroll of amnesia {unknown}
 m - a scroll of magic mapping {unknown}
 n - 4 scrolls of remove curse {unknown}
 o - a scroll of recharging {unknown}
 p - 2 scrolls of teleportation {unknown}
 r - 4 scrolls of identify {unknown}
 t - a scroll of noise {unknown}
 B - a scroll of fog {unknown}
Potions
 f - a potion of magic
 h - a potion of cancellation {unknown}
Comestibles
 e - 5 bread rations
 k - a meat ration
 A - 3 chunks of flesh


   Skills:
 + Level 7.8 Fighting
 * Level 11.1 Maces & Flails
 - Level 2.1 Throwing
 - Level 2.6 Dodging


You had 7 spell levels left.
You didn't know any spells.

Dungeon Overview and Level Annotations

Branches:
Dungeon (5/15)
 Temple: D:4-7

Altars:
Qazlal


Innate Abilities, Weirdness & Mutations

You are too large for most types of armour.
You have tough skin (AC +1).


Message History

Drink which item? (? for menu, Esc to quit)
It was a potion of magic.
Magic courses through your body. The water moccasin bites you.
* * * LOW HITPOINT WARNING * * *
You sock the water moccasin!
The water moccasin is almost dead.
The water moccasin closely misses you.
The water moccasin bites you but does no damage.
You closely miss the water moccasin.
The water moccasin is almost dead.
The water moccasin bites you.
* * * LOW HITPOINT WARNING * * *
You are lethally poisoned!
The water moccasin poisons you!
Drink which item? (? for menu, Esc to quit)
Your magic is already full.
Drink which item? (? for menu, Esc to quit)
It was a potion of brilliance.
You feel clever all of a sudden.
You die...

#..)....## ##.......)))
##.....## #.....##### #.....#
####### # #.....# #.....### ####
###.......#########..#########
###...#.........................
#...#####......S................
##### #......@........########
#....)<.......(##
##.............(##
#...............(#
##..#####.........## ## #...#
####>.....(######. ### ##..##
#.............. #.####..##
##.............. ##......#
##...............


You could see a water moccasin.

Vanquished Creatures
  Menkaure (D:4)
  Duvessa (D:4)
  4 ogres
  Blork the orc (D:4)
  Dowan (D:4)
  A scorpion (D:4)
  A crimson imp (D:4)
  Crazy Yiuf (D:3)
  A centaur skeleton (D:5)
  Ijyb (D:3)
  2 hounds (D:5)
  2 worker ants
  A hound skeleton (D:4)
  9 adders
  4 gnolls (D:3)
  A shadow imp (D:5)
  3 adder skeletons
  A worm (D:3)
  4 giant geckos
  12 orcs
  2 bat skeletons (D:4)
  3 giant cockroaches
  10 goblins
  5 hobgoblins
  13 jackals
  8 kobolds
  A ball python (D:2)
  11 bats
  A giant gecko skeleton (D:5)
  3 giant newts
  6 rats
115 creatures vanquished.

Notes
Turn   | Place    | Note
--------------------------------------------------------------
     0 | D:1      | urechis the Ogre Gladiator began the quest for the Orb.
     0 | D:1      | Reached XP level 1. HP: 22/22 MP: 1/1
   197 | D:1      | Reached XP level 2. HP: 29/31 MP: 2/2
   662 | D:2      | Reached skill level 5 in Maces & Flails
   662 | D:2      | Reached XP level 3. HP: 20/37 MP: 3/3
  1316 | D:3      | Reached XP level 4. HP: 48/48 MP: 4/4
  1556 | D:3      | Reached skill level 6 in Maces & Flails
  1685 | D:3      | Noticed Ijyb
  1730 | D:3      | Killed Ijyb
  1730 | D:3      | Reached XP level 5. HP: 47/54 MP: 5/5
  1831 | D:3      | Noticed an ogre
  1842 | D:3      | Killed an ogre
  1842 | D:3      | Reached skill level 7 in Maces & Flails
  1920 | D:3      | Reached skill level 5 in Fighting
  1920 | D:3      | Reached XP level 6. HP: 41/66 MP: 6/6
  2206 | D:3      | Noticed Crazy Yiuf
  2214 | D:3      | Killed Crazy Yiuf
  2676 | D:3      | Reached skill level 8 in Maces & Flails
  2702 | D:4      | Reached XP level 7. HP: 45/74 MP: 7/7
  2710 | D:4      | Noticed Duvessa
  3076 | D:4      | Noticed Menkaure
  3082 | D:4      | Killed Menkaure
  3082 | D:4      | Reached skill level 9 in Maces & Flails
  3336 | D:4      | Noticed Blork the orc
  3343 | D:4      | Killed Blork the orc
  3364 | D:4      | Noticed Dowan
  3403 | D:4      | Killed Duvessa
  3410 | D:4      | Killed Dowan
  3410 | D:4      | Reached skill level 10 in Maces & Flails
  3410 | D:4      | Reached XP level 8. HP: 17/87 MP: 8/8
  3775 | D:4      | Noticed a water elemental
  3780 | D:4      | Noticed an air elemental
  3782 | D:4      | Found a stormy altar of Qazlal.
  3783 | D:4      | Noticed a fire elemental
  3969 | D:5      | Entered Level 5 of the Dungeon
  4138 | D:5      | Reached skill level 11 in Maces & Flails
  4355 | D:4      | HP: 4/88 [water moccasin (6)]
  4360 | D:4      | Succumbed to a water moccasin's poison

Vault maps used:
D:1:      matt_arrival_refuge, st_stairs_13, corexii_item_surrounded_by_moat
D:3:      uniq_crazy_yiuf_cottage, uniq_iyjb
D:4:      first_bread, nicolae_qazlal_style_of_elements, uniq_duvessa,
          uniq_blork_the_orc, uniq_menkaure
D:5:      minmay_gold_behind_fungi, kennysheep_nondescript,
          nemelex_diamond_rough_becter

Action                   |  1- 3 |  4- 6 |  7- 9 || total
-------------------------+-------+-------+-------++-------
Melee: Flail             |   108 |   136 |   164 ||   408
Evoke: Wand              |       |     2 |     4 ||     6
  Use: Potion            |       |       |     5 ||     5
 Stab: Confused          |       |     1 |       ||     1
  Eat: Chunk             |     1 |     5 |     5 ||    11
